 Dungeon Crawl Stone Soup version 0.30.1 (webtiles) character file.

Game seed: 434407688178344687

124795 Peloso the Fencer (level 16, -10/155 HPs)
             Began as a Minotaur Fighter on July 6, 2023.
             Was a High Priest of Okawaru.
             Killed from afar by a shock serpent (24 damage)
             ... with a bolt of electricity
             ... on level 1 of the Snake Pit.
             The game lasted 01:11:34 (26111 turns).

Peloso the Fencer (Minotaur Fighter)               Turns: 26111, Time: 01:11:35

Health: -10/155    AC: 24    Str: 39    XL:     16   Next: 40%
Magic:  17/17      EV: 16    Int:  7    God:    Okawaru [*****.]
Gold:   2452       SH: 16    Dex: 22    Spells: 15/15 levels left

rFire   . . .        b - +3 scimitar (flame)
rCold   + . .        d - +1 kite shield "Onlaetuh" {+Inv rF- Will+ Stlth+}
rNeg    + + +        B - +2 chain mail of the Past {-Tele Dex+3 Slay+3}
rPois   +            J - +2 hat {SInv}
rElec   .            K - scarf of Broken Taboos {shadows, rC+ rN+}
rCorr   .            U - +2 pair of gloves {Dex+3}
SInv    +            W - +1 pair of boots "Poubihoq" {rN+++ Str+5 Int+2}
Will    +++..        i - amulet "Wahiwarhagg" {rF+ Regen+ Str+7}
Stlth   +            m - ring of willpower
HPRegen 1.25/turn    N - ring "Yckym" {rPois Dex+4}
MPRegen 0.15/turn

%: no teleportation
@: studying Spellcasting
A: horns 2, retaliatory headbutt
a: Renounce Religion, Evoke Invisibility, Heroism, Finesse, Duel


You were on level 1 of the Snake Pit.
You worshipped Okawaru.
Okawaru was extremely pleased with you.
You visited 6 branches of the dungeon, and saw 25 of its levels.
You visited 1 bazaar.
You also visited: Gauntlet and Ice Cave.

You collected 3257 gold pieces.
You spent 805 gold pieces at shops.

Inventory:

Hand Weapons
 a - a +2 demon blade of venom
 b - a +3 scimitar of flaming (weapon)
 c - the +9 hand axe "Pinun" {speed, Drain rF++ Str+3}
   (Okawaru gifted it to you on level 14 of the Dungeon)

   Str:       It affects your strength (+3).
   rF:        It greatly protects you from fire.
   Drain:     It drains your maximum health when unequipped.
Armour
 d - the +1 kite shield "Onlaetuh" (worn) {+Inv rF- Will+ Stlth+}
   (You found it on level 10 of the Dungeon)

   rF:        It makes you vulnerable to fire.
   +Inv:      It lets you turn invisible.
   Will:      It increases your willpower.
   Stlth:     It makes you more stealthy.
 B - the +2 chain mail of the Past (worn) {-Tele Dex+3 Slay+3}
   (You bought it in a shop on level 1 of the Dungeon)

   Dex:       It affects your dexterity (+3).
   Slay:      It affects your accuracy & damage with ranged weapons and melee
   (+3).
   -Tele:     It prevents most forms of teleportation.
 J - a +2 hat of see invisible (worn)
 K - the scarf of Broken Taboos (worn) {shadows, rC+ rN+}
   (Okawaru gifted it to you on level 12 of the Dungeon)

   rC:        It protects you from cold.
   rN:        It protects you from negative energy.
 U - a +2 pair of gloves of dexterity (worn)
 V - a +2 kite shield of protection
 W - the +1 pair of boots "Poubihoq" (worn) {rN+++ Str+5 Int+2}
   (You bought it in a shop in a bazaar)

   Str:       It affects your strength (+5).
   Int:       It affects your intelligence (+2).
   rN:        It renders you almost immune to negative energy.
Jewellery
 i - the amulet "Wahiwarhagg" (around neck) {rF+ Regen+ Str+7}
   (You took it off a boggart on level 9 of the Dungeon)

   [amulet of regeneration]

   Str:       It affects your strength (+7).
   rF:        It protects you from fire.
   Regen:     It increases your rate of health regeneration.
 m - a ring of willpower (left hand)
 p - a ring of resist corrosion
 N - the ring "Yckym" (right hand) {rPois Dex+4}
   (You bought it in a shop in a bazaar)

   [ring of poison resistance]

   Dex:       It affects your dexterity (+4).
   rPois:     It protects you from poison.
 T - a +4 ring of protection
Wands
 e - a wand of polymorph (2)
Scrolls
 g - 3 scrolls of brand weapon
 j - a scroll of poison
 k - 4 scrolls of fear
 o - 3 scrolls of fog
 r - a scroll of enchant armour
 y - 3 scrolls of enchant weapon
 z - 22 scrolls of teleportation
 Q - 2 scrolls of immolation
 X - 2 scrolls of blinking
 Z - 10 scrolls of identify
Potions
 f - a potion of berserk rage
 h - 4 potions of mutation
 l - 13 potions of curing
 n - 2 potions of invisibility
 q - 4 potions of might
 s - 2 potions of magic
 t - 2 potions of flight
 u - 4 potions of lignification
 v - 4 potions of heal wounds
 x - 3 potions of resistance
 C - a potion of brilliance
 D - 2 potions of cancellation
 F - 8 potions of ambrosia
 R - 5 potions of haste


   Skills:
 + Level 17.3 Fighting
 + Level 18.9 Long Blades
 + Level 1.9 Maces & Flails
 + Level 17.0 Armour
 + Level 9.0 Dodging
 + Level 4.3 Stealth
 + Level 15.1 Shields
 + Level 3.5 Invocations
 + Level 0.5 Evocations


You had 15 spell levels left.
You didn't know any spells.
Your spell library contained the following spells:

 Spells                   Type           Power      Damage    Failure   Level
 Apportation              Tloc           0%         N/A       77%         1
 Freeze                   Ice            0%         1d3       77%         1
 Magic Dart               Conj           0%         1d3       77%         1
 Necrotise                Necr           0%         1d4       77%         1
 Sandblast                Erth           0%         2d4       77%         1
 Blink                    Tloc           0%         N/A       88%         2
 Cigotuvi's Dreadful Rot  Necr/Pois/Air  0%         N/A       88%         2
 Passwall                 Tmut/Erth      0%         N/A       88%         2
 Scorch                   Fire           0%         2d5       88%         2
 Static Discharge         Conj/Air       0%         2-2/arc   88%         2
 Sublimation of Blood     Necr           0%         N/A       88%         2
 Frozen Ramparts          Ice            0%         1d1       98%         3
 Hailstorm                Conj/Ice       0%         3d3       98%         3
 Ignite Poison            Fire/Tmut/Pois 0%         N/A       98%         3
 Inner Flame              Hex/Fire       0%         N/A       98%         3
 Mephitic Cloud           Conj/Pois/Air  0%         N/A       98%         3
 Stone Arrow              Conj/Erth      0%         3d7       98%         3
 Volatile Blastmotes      Fire/Tloc      0%         2d10      98%         3
 Flame Wave               Conj/Fire      0%         2d4       100%        4
 Manifold Assault         Tloc           0%         N/A       100%        4
 Petrify                  Tmut/Erth      0%         N/A       100%        4
 Sticky Flame             Conj/Fire      0%         2d3       100%        4
 Freezing Cloud           Conj/Ice/Air   0%         6-21      100%        5
 Irradiate                Conj/Tmut      0%         3d11      100%        5
 Metabolic Englaciation   Hex/Ice        0%         N/A       100%        5
 Statue Form              Tmut/Erth      0%         N/A       100%        6
 Storm Form               Tmut/Air       0%         N/A       100%        7
 Fire Storm               Conj/Fire      0%         5d1       100%        9
 Summon Small Mammal      Summ           Unusable   N/A       N/A         1
 Call Imp                 Summ           Unusable   N/A       N/A         2
 Summon Lightning Spire   Summ/Air       Unusable   N/A       N/A         4
 Summon Cactus Giant      Summ           Unusable   N/A       N/A         6
 Dragon's Call            Summ           Unusable   N/A       N/A         9

Dungeon Overview and Level Annotations

Branches:
Dungeon (15/15)            Temple (1/1) D:4            Lair (5/5) D:11
 Shoals (0/4) Lair:3        Snake (1/4) Lair:3        Slime (0/5) Lair:4
    Orc (2/2) D:10            Elf (1/3) Orc:2        Vaults (0/5) D:13
 Depths (0/4) D:15          IceCv (visited)         Gauntlet (visited)

Altars:
Ashenzari
Cheibriados
Dithmenos
Elyvilon
Fedhas
Gozag
Hepliaklqana
Kikubaaqudgha
Makhleb
Nemelex Xobeh
Okawaru
Qazlal
Ru
Sif Muna
Trog
Uskayaw
Vehumet
Wu Jian
Xom
Yredelemnul
Zin
The Shining One
Jiyva

Shops:
D:1 [!?[   D:3 ?   D:6 =   D:7 [   Orc:2 (!!

Portals:
Trove: D:14 (show abyssal rune of Zot)

Annotations:
Lair:5 Casa


Innate Abilities, Weirdness & Mutations

You have a pair of horns on your head.
You reflexively headbutt those who attack you in melee.


Message History

The shock serpent shoots out a bolt of lightning at you!
The bolt of electricity hits you! x2
You hit the naga. You burn the naga.
The naga is moderately wounded.
The shock serpent shoots out a bolt of lightning at you!
The bolt of electricity hits you!
Unknown command.
You hit the naga. You burn the naga.
The naga is heavily wounded.
The shock serpent shoots out a bolt of lightning at you!
The bolt of electricity hits you!! The naga spits poison at you.
You block the splash of poison.
You slash the naga! You burn the naga.
You kill the naga!
Okawaru accepts your kill.
The shock serpent shoots out a bolt of lightning at you!
The bolt of electricity misses you. The shock serpent bites you!
The shock serpent shocks you!
Found a chain mail.
You block the shock serpent's attack.
Things that are here:
a +0 war axe; a +0 robe; a naga corpse You block the shock serpent's attack.
The shock serpent closely misses you. You furiously retaliate!
You headbutt the shock serpent!
The shock serpent's electric aura discharges, shocking you!
* * * LOW HITPOINT WARNING * * *
You barely miss the shock serpent. Your headbutt misses the shock serpent.
The shock serpent is moderately wounded.
The shock serpent bites you!
* * * LOW HITPOINT WARNING * * *
The shock serpent shocks you!
* * * LOW HITPOINT WARNING * * *
You slash the shock serpent! You burn the shock serpent.
You headbutt the shock serpent, but do no damage.
The shock serpent is heavily wounded.
The shock serpent's electric aura discharges, shocking you!
* * * LOW HITPOINT WARNING * * *
The shock serpent shoots out a bolt of lightning at you!
The bolt of electricity hits you!!
You die...

#.#..#<....#.###
.......?./......
..#...=..#.#.#.#
###....#.#.#.#
#.).)#.#...#
##.).......#.
##...#.......
.......)S.....
#...####@....#.
..............#
#.............#
#.###.[.........
+...........
#.......###.
+.......#


You could see a shock serpent.

Vanquished Creatures
  Gastronok (Orc:1)
  A stone giant (D:15)
  An orc warlord (Orc:1)
  Nessos (Lair:4)
  A minotaur (Gauntlet)
  A dire elephant (Lair:5)
  Azrael (D:12)
  A white draconian (IceCv)
  A deep elf death mage (Elf:1)
  Josephine (D:14)
  6 hydras
  A deep elf high priest (Elf:1)
  Fannar (Lair:3)
  An ogre mage (D:15)
  4 centaur warriors
  8 vault guards (D:13)
  2 boulder beetles
  2 catoblepae (Lair:5)
  8 two-headed ogres
  4 dancing weapons (Elf:1)
  A naga warrior (Snake:1)
  22 death yaks
  A shock serpent (Snake:1)
  A deep troll shaman (Lair:5)
  3 tengu warriors
  Nergalle (Lair:3)
  Sonja (Orc:2)
  4 orc high priests
  A deep elf knight (Elf:1)
  A skeletal warrior (D:9)
  2 deep elf archers
  A death drake (shapeshifter) (D:13)
  5 orc knights
  Pikel (D:7)
  23 ugly things
  3 orc sorcerers (Orc:2)
  11 deep elf pyromancers
  9 deep elf zephyrmancers
  5 cyclopes
  An oklob plant (Lair:5)
  A manticore (Lair:3)
  Maurice (Orc:2)
  20 elephants
  An apocalypse crab (Gauntlet)
  A torpor snail (Lair:4)
  5 gargoyles
  3 black mambas
  2 ice statues (IceCv)
  2 smoke demons (Gauntlet)
  4 cane toads
  4 rime drakes (IceCv)
  An efreet (D:11)
  A freezing wraith (D:15)
  A yaktaur (shapeshifter) (D:15)
  2 kobold demonologists
  A red devil (Gauntlet)
  7 komodo dragons
  A meliai (shapeshifter) (D:13)
  10 trolls
  2 polar bears
  A queen bee (Lair:2)
  A wind drake (Lair:3)
  2 hornets
  11 dream sheep (Lair:5)
  9 blink frogs (Lair:5)
  8 slime creatures
  2 air elementals (Elf:1)
  7 wraiths
  2 water elementals (Elf:1)
  49 yaks
  2 shadows
  6 wyverns
  5 basilisks
  An unseen horror simulacrum (D:9)
  3 fire elementals
  A steam dragon (D:8)
  8 vampire mosquitoes
  5 nagas
  A warg (Orc:2)
  2 acid dragons
  14 water moccasins
  3 hell hounds (D:12)
  A sky beast (D:7)
  5 black bears
  23 orc warriors
  An ice beast (D:7)
  A swamp drake (D:10)
  7 centaurs
  8 ogres
  A boggart (D:9)
  2 lemures (D:7)
  5 wolves
  A phantom (D:4)
  5 kobold brigands
  A gnoll sergeant (D:7)
  11 bullfrogs
  3 scorpions
  11 wights
  3 lindwurm simulacra (IceCv)
  29 killer bees
  2 electric eels
  5 howler monkeys
  5 crimson imps (Gauntlet)
  5 komodo dragon simulacra (IceCv)
  4 hounds
  2 jellies
  13 orc priests
  2 gnoll boudas (D:7)
  Jessica (D:3)
  2 sleepcaps
  2 iguanas
  25 orc wizards
  19 gnolls
  8 acid dragon simulacra (IceCv)
  10 adders
  A shadow imp (D:7)
  A white imp (D:7)
  5 steam dragon simulacra (IceCv)
  3 worms
  2 dart slugs
  53 orcs
  5 endoplasms
  3 giant cockroaches
  8 goblins
  7 hobgoblins
  4 jackals (D:2)
  22 kobolds
  2 quokkas
  A ball python (D:3)
  5 bats
  5 frilled lizards
  6 rats
713 creatures vanquished.

Vanquished Creatures (others)
  A water elemental (Elf:1)
  An orc wizard (D:6)
2 creatures vanquished.

Grand Total: 715 creatures vanquished

Notes
Turn   | Place    | Note
-------+----------+-------------------------------------------
     0 | D:1      | Peloso the Minotaur Fighter began the quest for the Orb.
     0 | D:1      | Reached XP level 1. HP: 19/19 MP: 0/0
   109 | D:1      | Found Ygant's Distillery.
   138 | D:1      | Reached XP level 2. HP: 27/27 MP: 1/1
   349 | D:1      | Found Oqaloni's Armour Shop.
   435 | D:1      | Found Eghaowka's Antique Armour Emporium.
   516 | D:1      | Found Vatoucs's Magic Scroll Boutique.
   691 | D:2      | Got the Writings on the Arsonist
   766 | D:2      | Reached XP level 3. HP: 33/33 MP: 2/2
   782 | D:2      | Reached skill level 3 in Long Blades
   936 | D:2      | Identified the +1 robe of Mujusuaf {rF+}
  1112 | D:2      | Reached XP level 4. HP: 38/40 MP: 3/3
  1115 | D:2      | Reached skill level 1 in Dodging
  1585 | D:3      | Noticed an ogre
  1594 | D:3      | Killed an ogre
  1595 | D:3      | Reached skill level 4 in Long Blades
  1595 | D:3      | Reached skill level 5 in Armour
  1595 | D:3      | Reached XP level 5. HP: 43/47 MP: 4/4
  1641 | D:3      | Noticed Jessica
  1644 | D:3      | Killed Jessica
  1692 | D:3      | Found Uhuuloh's Magic Scroll Shoppe.
  1840 | D:3      | Reached skill level 5 in Long Blades
  1847 | D:3      | Reached XP level 6. HP: 24/53 MP: 5/5
  2003 | D:3      | You fall into a shaft and drop 3 floors!
  2056 | D:6      | Found Orphom's One-of-a-Kind Rings.
  2084 | D:6      | Reached skill level 5 in Fighting
  2104 | D:6      | Reached skill level 6 in Long Blades
  2104 | D:6      | Reached XP level 7. HP: 37/61 MP: 6/6
  2209 | D:5      | Entered Level 5 of the Dungeon
  2889 | D:4      | HP: 3/61 [gnoll/+0 halberd (2)]
  3273 | D:4      | Found a staircase to the Ecumenical Temple.
  3283 | D:4      | Reached skill level 7 in Long Blades
  3295 | Temple   | Entered the Ecumenical Temple
  3558 | D:4      | Found a glowing golden altar of the Shining One.
  3562 | D:4      | Found an ancient bone altar of Kikubaaqudgha.
  4050 | D:1      | Bought a distressingly furry chain mail for 190 gold pieces
  4050 | D:1      | Identified the +2 chain mail of the Past {-Tele Dex+3
                  | Slay+3} (You bought it in a shop on level 1 of the Dungeon)
  4144 | D:6      | Found an iron altar of Okawaru.
  4155 | D:6      | Found a radiant altar of Vehumet.
  4220 | D:6      | Reached XP level 8. HP: 55/70 MP: 7/7
  4419 | D:6      | Reached skill level 5 in Shields
  4962 | D:6      | Reached skill level 8 in Long Blades
  5155 | D:6      | Became a worshipper of Warmaster Okawaru
  5212 | D:6      | Found a stormy altar of Qazlal.
  5363 | D:7      | Found Ibloas's Armour Boutique.
  5386 | D:7      | Noticed Pikel
  5437 | D:7      | Killed Pikel
  5437 | D:7      | Reached * piety under Okawaru
  5438 | D:7      | Reached XP level 9. HP: 49/78 MP: 8/8
  6082 | D:7      | Reached skill level 9 in Long Blades
  6173 | D:7      | Noticed a two-headed ogre
  6173 | D:7      | Noticed a komodo dragon
  6173 | D:7      | Noticed a centaur warrior
  6212 | D:8      | Killed a centaur warrior
  6212 | D:8      | Reached ** piety under Okawaru
  6264 | D:7      | HP: 2/81 [two-headed ogre/+0 dire flail (19)]
  6267 | D:7      | Killed a two-headed ogre
  6268 | D:7      | Reached skill level 10 in Long Blades
  6268 | D:7      | Reached skill level 10 in Armour
  6524 | D:7      | Reached XP level 10. HP: 89/90 MP: 9/9
  6557 | D:7      | Noticed a gargoyle
  6591 | D:7      | Killed a gargoyle
  6736 | D:7      | Reached skill level 11 in Long Blades
  6736 | D:7      | Reached skill level 1 in Invocations
  6943 | D:8      | Found a shimmering blue altar of Sif Muna.
  7177 | D:8      | Found a broken altar of Ashenzari.
  7227 | D:8      | Noticed a two-headed ogre
  7231 | D:8      | Reached *** piety under Okawaru
  7270 | D:8      | Killed a two-headed ogre
  7750 | D:9      | Reached **** piety under Okawaru
  7758 | D:8      | Paralysed by a hornet for 2 turns
  7766 | D:8      | Reached skill level 12 in Long Blades
  7939 | D:9      | Noticed a two-headed ogre
  7991 | D:8      | Killed a two-headed ogre
  7992 | D:8      | Reached XP level 11. HP: 53/99 MP: 9/11
  8360 | D:9      | Reached skill level 10 in Fighting
  8430 | D:9      | Noticed a seven-headed hydra
  8470 | D:9      | Killed a seven-headed hydra
  8641 | D:9      | Reached skill level 13 in Long Blades
  8860 | D:9      | Noticed a two-headed ogre
  8861 | D:9      | Identified the +1 sling of Tartarus {drain, rC+ rN+ Dex+2
                  | Stlth-}
  8861 | D:9      | Noticed a tengu warrior
  8864 | D:9      | Noticed a skeletal warrior
  8874 | D:9      | Killed a two-headed ogre
  8890 | D:10     | Entered Level 10 of the Dungeon
  8913 | D:10     | Killed a tengu warrior
  8914 | D:10     | Reached skill level 1 in Maces & Flails
  9198 | D:9      | Killed a skeletal warrior
  9237 | D:9      | Identified the amulet "Wahiwarhagg" {rF+ Regen+ Str+7}
  9262 | D:9      | Identified the ring "Ulenoatu" {rPois EV+5}
  9262 | D:9      | Noticed a deep elf pyromancer
  9277 | D:9      | Killed a deep elf pyromancer
  9277 | D:9      | Reached ***** piety under Okawaru
  9508 | D:10     | Found a hide-covered altar of Uskayaw.
  9611 | D:10     | Reached skill level 14 in Long Blades
  9771 | D:10     | Reached skill level 5 in Dodging
  9992 | D:10     | Got the Commentary on Airy Lava
 10110 | D:10     | Received a gift from Okawaru
 10142 | D:10     | Identified the +1 kite shield "Onlaetuh" {+Inv rF- Will+
                  | Stlth+}
 10355 | D:10     | Found a staircase to the Orcish Mines.
 10969 | D:11     | Reached XP level 12. HP: 72/110 MP: 12/12
 11028 | D:11     | Reached skill level 1 in Stealth
 11292 | D:11     | Found a staircase to the Lair.
 11352 | D:11     | Noticed a boulder beetle
 11364 | D:11     | Killed a boulder beetle
 11432 | Lair:1   | Entered Level 1 of the Lair of Beasts
 11559 | Lair:1   | Identified the +0 robe of Momia {Int+3 Dex+3}
 12178 | Lair:1   | Reached skill level 15 in Long Blades
 12393 | Lair:2   | Noticed a six-headed hydra
 12417 | Lair:2   | Killed a three-headed hydra
 12663 | Lair:2   | Reached ****** piety under Okawaru
 12692 | Lair:2   | Identified the +3 buckler of Incorporation {rElec rPois rC+
                  | Dex-4} (Okawaru gifted it to you on level 2 of the Lair of
                  | Beasts)
 12692 | Lair:2   | Received a gift from Okawaru
 13264 | Lair:3   | Found a staircase to the Snake Pit.
 13331 | Lair:3   | Noticed a death yak
 13331 | Lair:3   | Noticed a death yak
 13331 | Lair:3   | Noticed a death yak
 13354 | Lair:3   | Noticed a death yak
 13360 | Lair:3   | Killed a death yak
 13360 | Lair:3   | Noticed a death yak
 13367 | Lair:3   | Killed a death yak
 13368 | Lair:3   | Reached XP level 13. HP: 106/119 MP: 10/13
 13423 | Lair:3   | Found a staircase to the Shoals.
 13614 | Lair:3   | Reached skill level 10 in Shields
 13687 | Lair:3   | Received a gift from Okawaru
 13806 | Lair:3   | Noticed Nergalle
 13811 | Lair:3   | Killed Nergalle
 13812 | Lair:3   | Reached skill level 16 in Long Blades
 13943 | Lair:3   | Noticed Fannar
 13955 | Lair:3   | Killed Fannar
 14557 | Lair:4   | Found a staircase to the Slime Pits.
 14557 | Lair:4   | Found a viscous altar of Jiyva.
 14604 | Lair:4   | Noticed Nessos
 14613 | Lair:4   | Killed Nessos
 14688 | Lair:4   | You fall into a shaft and drop 1 floor!
 14688 | Lair:5   | Entered Level 5 of the Lair of Beasts
 14690 | Lair:5   | Found a gate leading to a gauntlet.
 14721 | Gauntlet | Entered a Gauntlet
 14721 | Gauntlet | Found a transporter.
 14721 | Gauntlet | Found a transporter.
 14721 | Gauntlet | Found a transporter.
 14722 | Gauntlet | Found a transporter.
 14724 | Gauntlet | Found a transporter.
 14726 | Gauntlet | Found a transporter.
 14739 | Gauntlet | Found a transporter.
 14741 | Gauntlet | Found a transporter.
 14747 | Gauntlet | Found a transporter.
 14757 | Gauntlet | Found a transporter.
 14761 | Gauntlet | Found a transporter.
 14867 | Gauntlet | Found a transporter.
 15078 | Gauntlet | Identified the amulet "Vugasim" {rN+++ Regen+ Str-4 Dex-4
                  | Stlth+}
 15164 | Gauntlet | Noticed a minotaur
 15170 | Gauntlet | Killed a minotaur
 15176 | Gauntlet | Got Kikhilest's Vellum of Red Production
 15267 | Lair:5   | Reached skill level 15 in Armour
 15364 | Lair:4   | Found a runed translucent door.
 15428 | Lair:4   | Received a gift from Okawaru
 15429 | Lair:4   | Reached XP level 14. HP: 133/133 MP: 15/15
 16470 | Lair:5   | Reached skill level 15 in Fighting
 16470 | Lair:5   | Reached skill level 17 in Long Blades
 17252 | D:12     | Identified the scarf of Broken Taboos {shadows, rC+ rN+}
                  | (Okawaru gifted it to you on level 12 of the Dungeon)
 17252 | D:12     | Received a gift from Okawaru
 17539 | D:12     | Noticed Azrael
 17580 | D:12     | Killed Azrael
 17986 | D:13     | Found a frozen archway.
 18005 | IceCv    | Entered an ice cave
 18538 | D:13     | Found a gate to the Vaults.
 18571 | D:13     | Reached XP level 15. HP: 89/143 MP: 16/16
 19390 | D:14     | Identified the +9 hand axe "Pinun" {speed, Drain rF++
                  | Str+3} (Okawaru gifted it to you on level 14 of the
                  | Dungeon)
 19390 | D:14     | Received a gift from Okawaru
 19471 | D:14     | Reached skill level 18 in Long Blades
 19524 | D:14     | Noticed Josephine
 19537 | D:14     | Killed Josephine
 19591 | D:14     | Found a portal to a secret trove of treasure.
 20038 | Orc:1    | Entered Level 1 of the Orcish Mines
 20145 | Orc:1    | Noticed Gastronok
 20163 | Orc:1    | Killed Gastronok
 20246 | Orc:2    | Entered Level 2 of the Orcish Mines
 20309 | Orc:2    | Found a staircase to the Elven Halls.
 20356 | Orc:2    | Noticed Sonja
 20393 | Orc:2    | Killed Sonja
 20401 | Orc:2    | Noticed Maurice
 20409 | Orc:2    | Killed Maurice
 20424 | Orc:2    | Found a flickering gateway to a bazaar.
 20442 | Bazaar   | Entered a bazaar
 20450 | Bazaar   | Found Xuegiocs's Assorted Antiques.
 20457 | Bazaar   | Bought a clouded steel ring for 170 gold pieces
 20457 | Bazaar   | Identified the ring "Yckym" {rPois Dex+4} (You bought it in
                  | a shop in a bazaar)
 20466 | Bazaar   | Found Toab's Antique Armour Boutique.
 20480 | Bazaar   | Found Vogonn's Armour Shop.
 20510 | Bazaar   | Found Tajeid's General Store.
 20526 | Bazaar   | Found Tueman's Antique Armour Boutique.
 20538 | Bazaar   | Bought a crude buckler for 180 gold pieces
 20538 | Bazaar   | Identified the +5 buckler of the Five Quests {MP+9} (You
                  | bought it in a shop in a bazaar)
 20553 | Bazaar   | Found Joytra's Antique Armour Shop.
 20560 | Bazaar   | Bought a pair of spiked boots for 123 gold pieces
 20560 | Bazaar   | Identified the +1 pair of boots "Poubihoq" {rN+++ Str+5
                  | Int+2} (You bought it in a shop in a bazaar)
 20624 | Bazaar   | Bought a shiny kite shield for 142 gold pieces
 21237 | Orc:2    | Received a gift from Okawaru
 21239 | Orc:2    | Found Hiadgha's Weapon Boutique.
 21239 | Orc:2    | Found Luystra's Assorted Antiques.
 21245 | Orc:2    | Found Ufotzat's Distillery.
 21245 | Orc:2    | Found Cous's Distillery.
 22404 | D:15     | Entered Level 15 of the Dungeon
 22558 | D:15     | Identified the +1 pair of boots "Xeris" {Int+3} (Okawaru
                  | gifted it to you on level 15 of the Dungeon)
 22558 | D:15     | Received a gift from Okawaru
 22764 | D:15     | Reached XP level 16. HP: 141/154 MP: 17/17
 23094 | D:15     | Found a staircase to the Depths.
 24044 | Elf:1    | Entered Level 1 of the Elven Halls
 24911 | Elf:1    | Identified the staff of poison "Ockyul" {rPois Int+4 Dex+3}
 25335 | Elf:1    | Reached skill level 15 in Shields
 26079 | Snake:1  | Entered Level 1 of the Snake Pit
 26095 | Snake:1  | Received a gift from Okawaru
 26111 | Snake:1  | Killed from afar by a shock serpent

Illustrated notes

Levels and vault maps discovered:
D:1:      saegor_arrival_simple_c, layout_loops_cross, serial_shops,
          nicolae_shop_tiny_glass, nicolae_shop_trees, shop,
          nicolae_shop_back_alley_shop
D:2:      layout_basic, serial_forest, infiniplex_forest_clump_long,
          infiniplex_forest_clump_small, infiniplex_forest_straight_2,
          infiniplex_forest_clump_cross, infiniplex_forest_lined_room_2,
          infiniplex_forest_zigzag_2, kennysheep_generic_room_9
D:3:      layout_basic, serial_shops, nicolae_shop_back_alley_shop, uniq_jessica
D:4:      layout_rooms, grunt_temple_overflow_open, temple_hall
D:5:      layout_rooms
D:6:      layout_rooms, nicolae_qazlal_scattered_showers, jmf_multi_god_temple,
          nicolae_shop_unique_rings, grunt_decor_fettered
D:7:      minmay_klotski, layout_loops_ring, serial_shops, shop, uniq_pikel
D:8:      layout_gridville, nicolae_sif_muna_condensation, kennysheep_mini_moat
D:9:      minmay_the_grid_triangle_9x9_rhombus_thin_mashed
          [minmay_the_grid_triangle_9x9_checkered,
          minmay_the_grid_triangle_9x9_prize_center,
          minmay_the_grid_triangle_9x9_negative_grid,
          minmay_the_grid_triangle_9x9_thin_v], layout_rooms, serial_aquarium,
          aquarium_bridge_long_joined [aquarium_subvault_window,
          aquarium_subvault_wall, aquarium_subvault_wall,
          aquarium_subvault_balcony, aquarium_subvault_bridge,
          aquarium_subvault_bridge], aquarium_window_corridor_3,
          aquarium_window_2, aquarium_window_1, aquarium_window_2,
          aquarium_view_2c, nicolae_underground_beach
D:10:     layout_grid_maze, mainiacjoe_overflow_surrounded_room, erik_orc_1
D:11:     layout_big_octagon, grunt_lair_entry_orc_guard_hut,
          serial_column_ruins, column_ruins_hut, column_ruins_square_large,
          column_ruins_open_tiny, column_ruins_corridor_dead_end,
          column_ruins_open_small, column_ruins_grid_1,
          column_ruins_columns_corner, nzn_sisyphean_effort
D:12:     layout_gridville, uniq_azrael
D:13:     layout_rooms, erik_vaults_2, portal_ice_cave_entry_pillars_1,
          kennysheep_generic_room_6
D:14:     layout_cave_pools, enter_trove_1, ebering_dispersal_statue_hall,
          uniq_josephine
D:15:     grunt_enter_depths_snipers, layout_long_grid, abandoned_shop
Temple:   eino_temple_water
Lair:1:   layout_small_grid, dreamdust_mushroom_princess
Lair:2:   layout_roguey [special_room_bee], grunt_megastairs_4
Lair:3:   layout_misc_corridors, minmay_shoals_entry_beasts,
          nicolae_snake_entry_squirm, uniq_fannar, uniq_nergalle
Lair:4:   layout_gridlike, slime_entry_1, pf_torpor_hydra, uniq_nessos
Lair:5:   grunt_lair_end_beastmaster, layout_cellular_growth,
          gauntlet_entry_generic, serial_bayou_shore_a
Snake:1:  layout_basic
Orc:1:    layout_diamond_mine, uniq_gastronok
Orc:2:    grunt_orc_tribal_feast, layout_diamond_mine, basic_altar,
          serial_shops, bzr_entry_dummy, uniq_sonja, uniq_maurice
Elf:1:    minmay_elf_arrival_plus, layout_loops_cross,
          kennysheep_underground_church

Skill      XL: |  1  2  3  4  5  6  7  8  9 10 11 12 13 14 15 16 |
---------------+-------------------------------------------------+-----
Shields        | 4 5 6 7 9 10 11 14 15 | 15.1
Fighting       | 4 5 6 8 9 11 12 14 15 16 17 | 17.3
Armour         | 4 5 6 8 10 11 12 14 15 16 17 | 17.0
Long Blades    | 3 4 5 6 7 8 10 12 14 15 16 17 18 | 18.9
Dodging        | 1 2 3 4 5 6 7 8 9 |  9.0
Invocations    | 1 2 3 |  3.5
Maces & Flails | 1 |  1.9
Stealth        | 2 4 |  4.3
Evocations     | |  0.5

Action                     |  1- 3 |  4- 6 |  7- 9 | 10-12 | 13-15 | 16-18 || total
---------------------------+-------+-------+-------+-------+-------+-------++-------
  Melee: Long sword        |    87 |   152 |   248 |   436 |       |       ||   923
         Headbutt          |    11 |    48 |    48 |   153 |   359 |    39 ||   658
         Whip              |       |       |       |     7 |       |       ||     7
         Scimitar          |       |       |       |   194 |  1153 |   181 ||  1528
 Invoke: Heroism           |       |       |     2 |    15 |    15 |     5 ||    37
  Evoke: Wand              |       |       |       |       |     1 |       ||     1
    Use: Potion            |       |     1 |     2 |       |     3 |     2 ||     8
         Scroll            |       |       |     7 |    12 |     6 |       ||    25
   Stab: Paralysed         |       |       |       |       |     2 |       ||     2
         Petrified         |       |       |       |       |     5 |       ||     5
         Petrifying        |       |       |       |       |     1 |       ||     1
 Armour: Scale mail        |    44 |    39 |    33 |       |       |       ||   116
         Chain mail        |       |       |    91 |   246 |   504 |    62 ||   903
  Dodge: Dodged            |    50 |    36 |   147 |   273 |   530 |    56 ||  1092
  Block: Buckler           |    16 |    17 |    65 |   146 |   184 |       ||   428
         Kite shield       |       |       |       |       |   378 |   100 ||   478
